Map: [ESL] Waterfall

Players

iGMacSed (MacSed)

  • Race: Protoss Protoss

DPGJieShi (Jieshi) - Winner!

  • Race: Protoss Protoss

Event: DreamHack SC2 Masters 2022 Atlanta (Online)

VOD

Have the link to the VOD?

Description

Time

  • Played on: Oct. 6, 2022, 7:58 a.m.
  • Length: 9:06

All games in this series

Show
View Real Time Build Order
Export as new Build Order

iGMacSed Protoss 

Build Orders: Phoenix Opening 

Get SALT Encoding   

  12  0:00  Probe  
  13  0:12  Probe  
  14  0:18  Pylon  
  14  0:24  Probe  
  15  0:36  Probe (Chrono Boost)  
  15  0:37  Gateway  
  16  0:45  Probe (Chrono Boost)  
  16  0:46  Assimilator  
  17  0:50  Probe (Chrono Boost)  
  18  1:03  Probe  
  19  1:15  Probe (Chrono Boost)  
  19  1:17  Pylon  
  21  1:27  Probe (Chrono Boost), Cybernetics Core  
  21  1:32  Probe (Chrono Boost), Assimilator, Pylon  
  21  1:37  Zealot  
  24  1:43  Assimilator  
  24  1:47  Probe  
  25  1:59  Probe  
  26  2:03  Warp Gate  
  26  2:04  Stalker (Chrono Boost)  
  28  2:28  Nexus  
  29  2:39  Probe  
  30  2:49  Robotics Facility  
  30  2:52  Probe  
  30  2:56  Pylon  
  29  3:04  Probe, Gateway  
  30  3:15  Sentry  
  30  3:16  Probe  
  33  3:21  Shield Battery  
  33  3:28  Probe  
  34  3:36  Immortal (Chrono Boost)  
  34  3:40  Probe  
  39  3:45  Probe  
  38  3:49  Phoenix  
  38  3:52  Stalker  
  40  3:59  Stalker  
  40  4:00  Probe  
  43  4:06  Probe  
  44  4:10  Pylon  
  44  4:13  Immortal (Chrono Boost)  
  48  4:17  Probe  
  48  4:20  Probe  
  50  4:28  Pylon  
  50  4:29  Probe  
  51  4:32  Probe  
  52  4:41  Warp Prism (Chrono Boost), Probe  
  52  4:45  Probe  
  56  4:51  Sentry  
  58  4:54  Probe  
  58  4:55  Twilight Council  
  58  4:59  Sentry  
  61  5:08  Gateway  
  61  5:09  Gateway  
  61  5:13  Observer  
  62  5:20  Gateway  
  62  5:21  Gateway  
  62  5:24  Gateway  
  62  5:25  Gateway  
  62  5:28  Sentry  
  64  5:31  Assimilator  
  64  5:34  Probe  
  65  5:36  Probe  
  65  5:37  Pylon  
  66  5:47  Adept  
  68  5:54  Immortal (Chrono Boost)  
  72  5:59  Pylon  
  66  6:08  Sentry  
  66  6:10  Resonating Glaives (Chrono Boost)  
  66  6:11  Adept  
  70  6:14  Adept  
  72  6:21  Adept x2  
  72  6:24  Warp Prism  
  76  6:26  Gateway  
  76  6:27  Adept x2  
  81  6:50  Pylon  
  81  6:52  Pylon  
  81  6:54  Pylon  
  81  6:58  Pylon  
  81  6:59  Pylon  
  81  7:06  Pylon  
  81  7:12  Adept x2  
  85  7:19  Pylon  
  85  7:21  Pylon  
  85  7:29  Pylon  
  85  7:38  Adept x4  
  85  7:39  Adept x3  
  99  7:46  Dark Shrine  
  99  7:51  Adept  
  101  8:00  Adept x5  
  101  8:04  Pylon  
  101  8:05  Pylon  
  108  8:22  Adept x3  
  108  8:23  Adept x5  
  125  8:32  Warp Prism (Chrono Boost)  
  110  8:46  Adept  
  110  8:47  Adept x3  
  76  8:58  Adept x3  
Show
View Real Time Build Order
Export as new Build Order

DPGJieShi Protoss - Winner!

Build Orders:  

Get SALT Encoding   

  12  0:00  Probe  
  13  0:12  Probe  
  14  0:17  Pylon  
  14  0:25  Probe (Chrono Boost)  
  15  0:37  Probe (Chrono Boost)  
  15  0:39  Gateway  
  16  0:45  Probe (Chrono Boost)  
  16  0:49  Assimilator  
  17  0:51  Probe  
  18  1:03  Probe  
  19  1:15  Probe  
  20  1:26  Cybernetics Core  
  20  1:27  Zealot  
  20  1:28  Probe  
  20  1:30  Pylon  
  23  1:48  Probe  
  24  2:00  Probe  
  25  2:01  Stalker (Chrono Boost)  
  25  2:02  Warp Gate (Chrono Boost)  
  27  2:12  Probe  
  28  2:20  Nexus  
  28  2:24  Probe, Pylon  
  28  2:26  Stalker (Chrono Boost)  
  31  2:37  Probe  
  31  2:49  Probe, Stalker  
  34  2:55  Gateway  
  34  3:01  Probe  
  35  3:09  Assimilator  
  35  3:13  Probe  
  36  3:24  Shield Battery x2  
  37  3:27  Probe (Chrono Boost)  
  37  3:32  Probe (Chrono Boost)  
  38  3:36  Twilight Council  
  39  3:42  Probe x2 (Chrono Boost)  
  39  3:47  Probe (Chrono Boost)  
  40  3:49  Probe  
  40  3:54  Sentry  
  44  3:59  Probe  
  44  4:01  Probe  
  46  4:11  Probe, Blink (Chrono Boost)  
  46  4:12  Forge  
  46  4:13  Probe  
  48  4:19  Pylon  
  48  4:22  Assimilator  
  48  4:24  Probe  
  49  4:25  Probe  
  50  4:36  Probe  
  50  4:37  Nexus  
  50  4:38  Probe  
  52  4:40  Stalker, Pylon  
  54  4:46  Stalker  
  56  4:55  Gateway  
  56  4:59  Gateway  
  56  5:04  Protoss Ground Weapons Level 1  
  56  5:06  Gateway  
  56  5:08  Stalker  
  56  5:09  Stalker  
  60  5:18  Pylon  
  60  5:21  Gateway  
  60  5:22  Shield Battery  
  60  5:24  Shield Battery  
  60  5:35  Stalker x2  
  60  5:41  Photon Cannon  
  64  5:47  Probe x2  
  64  5:49  Charge (Chrono Boost)  
  66  5:52  Pylon  
  66  5:54  Stalker  
  68  6:01  Probe x3  
  71  6:07  Robotics Facility  
  71  6:13  Adept x2, Probe  
  71  6:17  Gateway  
  76  6:20  Gateway  
  76  6:21  Probe  
  76  6:23  Probe  
  78  6:26  Probe  
  78  6:31  Zealot x2  
  78  6:32  Zealot  
  85  6:35  Pylon  
  85  6:46  Stalker  
  85  6:52  Stalker x2  
  85  6:59  Pylon  
  85  7:01  Pylon  
  85  7:02  Zealot x3  
  91  7:09  Probe x2  
  93  7:17  Immortal (Chrono Boost), Probe  
  96  7:23  Stalker x2  
  96  7:24  Stalker x3  
  106  7:32  Stalker  
  106  7:36  Pylon  
  108  7:39  Pylon x2  
  108  7:42  Observer (Chrono Boost)  
  109  7:51  Pylon  
  109  7:54  Photon Cannon, Pylon  
  109  7:55  Stalker x3  
  115  8:01  Stalker x2  
  115  8:02  Observer  
  115  8:03  Zealot  
  121  8:06  Zealot x2  
  123  8:19  Stalker x3  
  127  8:24  Stalker  
  127  8:25  Zealot x2  
  133  8:27  Stalker  
  125  8:34  Stalker  
  109  8:44  Zealot x3  
  109  8:46  Stalker x2  
  97  8:50  Stalker x2  
  95  9:02  Stalker  
Tags
 
Add a new tag
Caveats
  • Supply blocks, unpowered buildings, or Contaminate may cause inaccurate times.
  • Supply counts are checked every 10 seconds.